Cogmind - Beta 14 @@@ ROGUE MODE // 2025.01.12 @ 02:50:47 Player: nado Result: Destroyed by Y-72 Warden with Quantum Rifle Performance ------------- Evolutions (5) 2500 Regions Visited (17) 3400 Robots Destroyed (167) 835 Value Destroyed (4613) 4613 Prototype IDs (21) 420 Alien Tech Used (0) 0 Bonus (2355) 2355 TOTAL SCORE: 14123 Bonus ------- High Alert Combat Kills 11 Follower Combat Kills 1444 Met Data Miner 300 Met Imprinter 300 Was Imprinted 300 Cogmind --------- Core Integrity 0/1000 Matter 295/300 Energy 98/100 System Corruption 12% Temperature Cool (9) Movement Core (50) Location -5/Archives Parts ------- > --- POWER (2) -------- (None) > --- PROPULSION (6) --- (None) > --- UTILITY (7) ------ Improved Signal Interpreter Improved Hacking Suite Improved System Shield > --- WEAPON (2) ------- CR-A16's Pointy Stick > --- INVENTORY (5) ---- Wheel Compact Wheel Improved Sensor Array Layered Light Armor Plating Improved Remote Datajack Peak State ------------ > --- POWER ------------ Neutrino Core Antimatter Reactor > --- PROPULSION ------- Light Treads Improved Treads Improved Treads Improved Medium Treads Centrium Heavy Treads > --- UTILITY ---------- Advanced Heat Sink Improved Signal Interpreter Hardened Light Armor Plating Layered Medium Armor Plating Medium Reflective Plating Improved Hacking Suite Improved System Shield > --- WEAPON ----------- Bore Cannon CR-A16's Pointy Stick > --- INVENTORY -------- Wheel Compact Wheel Improved Sensor Array Layered Light Armor Plating Improved Remote Datajack [Rating: 80] Favorites ----------- Power Improved Ion Engine Engine Improved Ion Engine Power Core Micro Fission Core Reactor Antimatter Reactor Propulsion Light Treads Treads Light Treads Leg Aluminum Leg Wheel Wheel Hover Unit Antigrav System Flight Unit Improved Flight Unit Utility Huge Storage Unit Device Improved Heat Sink Storage Huge Storage Unit Processor Improved Signal Interpreter Hackware Improved System Shield Protection Hardened Light Armor Plating Weapon Advanced Beam Cannon Energy Gun Pulse Rifle Energy Cannon Advanced Beam Cannon Ballistic Gun Assault Rifle Ballistic Cannon Light Cannon Launcher Improved Grenade Launcher Special Weapon Improved Remote Datajack Impact Weapon Mace Slashing Weapon Chainsword Piercing Weapon CR-A16's Pointy Stick Build | -11 -10 -9 -8 -7 -7 -7 -7 -6 -6 -6 -6 -6 -5 -5 -5 -5 -5 ------- Run | Yrd Mat Mat Mat Fac Low Low Dat Pro Fac Low Low Zio Pro Fac Ext Cet Arc Slots Evolved 10 | . . 2 2 2 . . . . 2 . . . . 2 . . . Power 1 | . . . . . . . . . . . . . . 1 . . . Propulsion 4 | . . 1 1 . . . . . 1 . . . . 1 . . . Utility 5 | . . 1 1 2 . . . . 1 . . . . . . . . Weapon . | . . . . . . . . . . . . . . . . . . Parts Attached 175 | 2 6 39 48 6 . 2 . 2 13 5 1 7 3 11 29 1 . Power 19 | . 1 6 4 . . 1 . . . 1 . . . 1 5 . . Engine 13 | . 1 6 4 . . . . . . . . . . . 2 . . Core 5 | . . . . . . 1 . . . 1 . . . 1 2 . . Reactor 1 | . . . . . . . . . . . . . . . 1 . . Propulsion 65 | 2 3 11 21 . . 1 . 1 5 1 . . 3 2 14 1 . Treads 42 | 2 3 11 17 . . . . . . . . . 2 . 6 1 . Leg . | . . . . . . . . . . . . . . . . . . Wheel 2 | . . . . . . . . . . . . . . . 2 . . Hover 5 | . . . . . . . . . . . . . . 1 4 . . Flight 16 | . . . 4 . . 1 . 1 5 1 . . 1 1 2 . . Utility 56 | . 1 8 18 3 . . . 1 7 2 1 4 . 4 7 . . Device 24 | . . 3 11 1 . . . . 3 . 1 3 . 1 1 . . Storage 1 | . 1 . . . . . . . . . . . . . . . . Processor 4 | . . . 1 . . . . . 1 . . . . 1 1 . . Hackware 8 | . . . . 2 . . . . . 2 . 1 . 1 2 . . Protection 19 | . . 5 6 . . . . 1 3 . . . . 1 3 . . Artifact . | . . . . . . . . . . . . . . . . . . Weapon 35 | . 1 14 5 3 . . . . 1 1 . 3 . 4 3 . . Energy Gun 4 | . . 3 1 . . . . . . . . . . . . . . Energy Cannon 4 | . . 2 2 . . . . . . . . . . . . . . Ballistic Gun 7 | . 1 6 . . . . . . . . . . . . . . . Ballistic Cannon 3 | . . 1 1 . . . . . . . . . . . 1 . . Launcher 8 | . . . . 3 . . . . 1 1 . 1 . 2 . . . Special Weapon 1 | . . . . . . . . . . . . . . 1 . . . Impact Weapon 2 | . . 2 . . . . . . . . . . . . . . . Slashing Weapon 3 | . . . 1 . . . . . . . . . . 1 1 . . Piercing Weapon 3 | . . . . . . . . . . . . 2 . . 1 . . Special Melee Weapon . | . . . . . . . . . . . . . . . . . . Unidentified Prototypes 6 | . . 1 1 1 . . . . . . . 1 . 1 . 1 . Corrupted Parts 1 | . . . . . . . . . . . . . . . 1 . . System Corruption 6 | . . . . . . . . . . . . . . . 6 . . Parts Lost 72 | . 3 5 8 . . 1 . 2 7 6 2 . 5 13 11 6 3 Power 8 | . . 1 1 . . 1 . . 1 . . . . 2 1 1 . Propulsion 27 | . 2 1 2 . . . . 1 3 2 1 . 1 4 6 1 3 Utility 28 | . . 2 4 . . . . 1 3 4 . . 4 4 2 4 . Weapon 9 | . 1 1 1 . . . . . . . 1 . . 3 2 . . Highest Loss Streak 10 | . 2 2 3 . . 1 . 2 4 6 2 . 3 8 10 6 3 To Critical Strikes . | . . . . . . . . . . . . . . . . . . Average Slot Usage (%) 90 | . 87 99 98 96 100 96 92 91 84 68 54 74 89 48 78 91 45 Engine 6 | . 9 10 8 7 7 4 . . . . . . . . 1 . . Core 1 | . . . . . . 1 7 7 5 1 6 6 6 5 3 5 4 Treads 23 | . 27 32 35 . . . . . . . . . 12 7 14 27 16 Hover 1 | . . . . . . . . . . . . . . . 9 1 . Flight 5 | . . . . 30 30 29 30 30 31 23 16 13 19 3 3 . . Device 10 | . . 6 13 19 23 23 23 23 17 11 9 30 24 9 1 4 . Storage 6 | . 14 11 9 . . . . . . . . . . . . . . Processor 1 | . . . . 7 7 7 7 7 6 4 . . . . 6 5 5 Hackware 3 | . . . . 8 7 7 7 7 6 13 13 13 12 9 8 11 11 Protection 10 | . 11 14 12 7 7 7 7 6 8 4 . . . . 11 16 . Energy Gun 2 | . . 4 6 . . . . . . . . . . . . . . Energy Cannon 3 | . . 5 9 . . . . . . . . . . . . . . Ballistic Gun 5 | . 24 8 . . . . . . . . . . . . . . . Ballistic Cannon 1 | . . 2 1 . . . . . . . . . . . 1 3 . Piercing Weapon 1 | . . . . . . . . . . . . 9 13 5 3 5 5 Peak Build Rating 80 | 6 9 22 37 40 38 38 36 37 50 44 38 51 60 52 74 80 32 Average Rating 31 | 6 7 17 31 36 38 36 36 35 43 38 32 46 57 37 58 74 29 On Entrance 33 | 6 6 9 22 31 38 38 36 36 36 36 38 30 51 43 39 74 32 Naked Turns . | . . . . . . . . . . . . . . . . . . Heaviest Build 106 | 12 88 103 106 20 20 20 15 17 21 16 16 16 16 23 63 63 17 Greatest Support 176 | 40 40 69 92 20 20 20 20 23 29 17 17 17 34 54 96 176 73 Greatest Overweight (x) 5 | . 4 2 4 . . . . . . 1 . . . 1 5 . . Average Overweight (x) . | . 1 1 1 . . . . . . . . . . . . . . Largest Inventory Capacity 25 | 8 25 25 25 5 5 5 5 5 5 5 5 5 5 5 5 5 5 Average Capacity 17 | 8 23 25 24 5 5 5 5 5 5 5 5 5 5 5 5 5 5 Most Carried 25 | 6 25 25 25 5 5 5 5 5 5 5 3 5 5 5 5 5 5 Average Carried 16 | 6 20 24 24 4 5 4 5 4 4 4 3 4 5 4 4 5 5 Final Capacity 25 | 8 25 25 25 5 5 5 5 5 5 5 5 5 5 5 5 5 5 Final Carried 25 | 6 25 25 24 5 5 5 5 5 5 3 3 5 5 5 5 5 5 Class Distribution -------------------- 46% | Mutant 30% | Scavenger-Mutant 6% | Infiltrator-Ninja 6% | Derelict-Mutant 4% | Hacker-Mutant Dominant Class ---------------- Mutant | -10/Materials Mutant | -9/Materials Mutant | -8/Materials Infiltrator-Ninja | -7/Factory Infiltrator-Ninja | -7/Lower Caves Infiltrator-Ninja | -7/Lower Caves Infiltrator-Ninja | -7/Data Miner Infiltrator-Ninja | -6/Proximity Caves Infiltrator-Ninja | -6/Factory Hacker-Scout | -6/Lower Caves Hacker-Mutant | -6/Lower Caves Derelict-Mutant | -6/Zion Hacker-Mutant | -5/Proximity Caves Hacker-Mutant | -5/Factory Scavenger-Mutant | -5/Extension Scavenger-Mutant | -5/Cetus Scavenger-Mutant | -5/Archives Resources | -11 -10 -9 -8 -7 -7 -7 -7 -6 -6 -6 -6 -6 -5 -5 -5 -5 -5 ----------- Run | Yrd Mat Mat Mat Fac Low Low Dat Pro Fac Low Low Zio Pro Fac Ext Cet Arc Matter Collected 3347 | 214 351 904 645 132 92 67 . 15 115 65 35 59 60 130 375 88 . Remotely 70 | . . . 70 . . . . . . . . . . . . . . Salvage Created 6164 | . 400 1900 2027 102 157 214 . . 291 35 . . 126 178 717 17 . Parts 330 | . 40 105 108 13 8 7 . . 18 4 . . 2 5 20 . . Haulers Intercepted 13 | . 1 6 6 . . . . . . . . . . . . . . Recyclers Shooed 5 | . 1 3 . . . . . . 1 . . . . . . . . Parts Field Recycled . | . . . . . . . . . . . . . . . . . . Retrieved Matter . | . . . . . . . . . . . . . . . . . . Parts Self-Destructed 14 | . . . . . 2 . . 2 . 3 . . 7 . . . . Prevented 6 | . . . . . . . . 1 . . . . 5 . . . . Kills | -11 -10 -9 -8 -7 -7 -7 -7 -6 -6 -6 -6 -6 -5 -5 -5 -5 -5 ------- Run | Yrd Mat Mat Mat Fac Low Low Dat Pro Fac Low Low Zio Pro Fac Ext Cet Arc Combat Hostiles Destroyed 110 | . 14 31 38 3 3 5 . . 7 1 . . 2 4 1 1 . Melee 6 | . . . . . . 1 . . 2 . . . 2 . 1 . . Guns 45 | . 14 24 7 . . . . . . . . . . . . . . Cannons 38 | . . 7 30 . . . . . . . . . . . . 1 . AOE 20 | . . . . 3 3 4 . . 5 1 . . . 4 . . . Classes Destroyed 14 | . 6 3 1 . 1 1 . . 1 1 . . . . . . . Worker 8 | . 2 4 1 . . . . . . . . . . 1 . . . Builder 7 | . . . 5 1 . . . . . . . . . . 1 . . Tunneler 1 | . . . . . . . . . 1 . . . . . . . . Hauler 13 | . 1 6 6 . . . . . . . . . . . . . . Recycler 9 | . . 1 2 . . . . . 1 . . . . . 5 . . Operator 8 | . 1 1 3 1 . . . . . . . . . 2 . . . Watcher 12 | . 2 5 4 . . . . . 1 . . . . . . . . Swarmer 37 | . 12 . 8 3 3 4 . . 7 . . . . . . . . Grunt 48 | . 2 20 21 . . . . . . . . . 2 3 . . . Duelist 2 | . . 1 1 . . . . . . . . . . . . . . Sentry 20 | . . 10 8 . . . . . . . . . . 1 1 . . Programmer 1 | . . . . . . . . . . 1 . . . . . . . Cetus Guard 1 | . . . . . . . . . . . . . . . . 1 . Samaritan 6 | . . . . . 3 3 . . . . . . . . . . . Thief 1 | . . . . . . 1 . . . . . . . . . . . Best Kill Streak 9 | . 3 5 6 4 3 4 . . 9 1 . . 2 3 2 1 . Combat Bots Only 7 | . 3 4 5 3 3 4 . . 7 1 . . 2 3 1 1 . Max Kills in Single Turn 5 | . 1 2 2 4 2 2 . . 5 1 . . 1 2 1 1 . Gunslinging . | . . . . . . . . . . . . . . . . . . Exploded 5 | . . . . 3 2 2 . . 5 1 . . . 2 . . . Melee 1 | . . . . . . 1 . . 1 . . . 1 . 1 . . Uniques/NPCs Destroyed . | . . . . . . . . . . . . . . . . . . Combat | -11 -10 -9 -8 -7 -7 -7 -7 -6 -6 -6 -6 -6 -5 -5 -5 -5 -5 -------- Run | Yrd Mat Mat Mat Fac Low Low Dat Pro Fac Low Low Zio Pro Fac Ext Cet Arc Hostile Shots Fired 1015 | . 101 219 242 15 13 39 . 46 60 19 4 . 18 96 48 76 19 Missed 322 | . 23 47 60 9 4 24 . 24 32 7 2 . 5 31 16 29 9 Damage Taken 11106 | . 677 2278 2575 69 151 106 . 191 761 596 51 . 304 1297 845 934 271 Core 1927 | . 137 148 289 21 35 12 . 29 87 151 . . 18 637 162 103 98 Absorbed by Shields 142 | . . . 116 . . . . . . . . . . . 26 . . Redirected to Shielding 273 | . . . 5 . . . . . 125 . . . . 22 121 . . Ignored by Resistances 113 | . . . . . . . . . . . . . . . 24 89 . Regen/Repaired (Parts) 347 | . . 295 . . . . . . 41 11 . . . . . . . Core Remaining (%) 68 | 100 45 63 47 . . . . 86 . . . . 69 . . . . Volleys Fired 366 | . 55 126 159 1 5 2 . . 1 3 . . . 8 . 6 . Largest 2 | . 2 2 2 1 1 1 . . 1 1 . . . 1 . 1 . Hottest 136 | . 40 136 136 45 36 36 . . 45 45 . . . 36 . 57 . Shots Fired 670 | . 94 250 297 1 5 2 . . 1 3 . . . 8 1 8 . Gun 371 | . 94 195 82 . . . . . . . . . . . . . . Cannon 279 | . . 55 215 . . . . . . . . . . . 1 8 . Launcher 20 | . . . . 1 5 2 . . 1 3 . . . 8 . . . Special . | . . . . . . . . . . . . . . . . . . Kinetic 332 | . 94 189 40 . . . . . . . . . . . 1 8 . Thermal 318 | . . 61 257 . . . . . . . . . . . . . . Explosive 20 | . . . . 1 5 2 . . 1 3 . . . 8 . . . Electromagnetic . | . . . . . . . . . . . . . . . . . . Robot Hit Streak 27 | . 13 27 17 2 2 1 . . . 5 . . . 9 . 3 . Robot Miss Streak 6 | . 6 2 5 2 2 1 . . . 2 . . . . 1 1 . Penetration Max . | . . . . . . . . . . . . . . . . . . Secondary Targets 2 | . 1 1 . . . . . . . . . . . . . . . Max Gunslinging Chain 1 | . 1 1 . . . . . . . . . . . . . . . Shots Hit Robots 507 | . 51 186 210 2 7 12 . . 3 3 . . 6 12 10 5 . Core Hits 260 | . 26 76 88 6 7 9 . . 14 3 . . 2 22 4 3 . Critical Kills 6 | . . 5 1 . . . . . . . . . . . . . . Critical Parts Destroyed 4 | . . 3 . . . . . . . . . . . . . 1 . Critical Strikes 19 | . . 13 3 . . . . . . . . . 1 . 1 1 . Burn 4 | . . 3 1 . . . . . . . . . . . . . . Meltdown 1 | . . . 1 . . . . . . . . . . . . . . Destroy 9 | . . 8 . . . . . . . . . . . . . 1 . Blast 3 | . . 2 1 . . . . . . . . . . . . . . Impale 2 | . . . . . . . . . . . . . 1 . 1 . . Melee Attacks 82 | . . 3 . 12 4 13 . . 9 6 . 1 10 4 16 . 4 Impact 3 | . . 3 . . . . . . . . . . . . . . . Slashing 53 | . . . . 12 4 13 . . 9 6 . . . 1 8 . . Piercing 26 | . . . . . . . . . . . . 1 10 3 8 . 4 Sneak Attacks 22 | . . 1 . . 4 6 . . . . . . . 4 7 . . Combat Hostiles . | . . . . . . . . . . . . . . . . . . Follow-up Attacks 3 | . . . . . . . . . . . . . 2 . 1 . . Damage Inflicted 12923 | . 668 2919 4456 218 645 966 . . 583 99 . . 231 1296 731 111 . Guns 3688 | . 647 1905 1136 . . . . . . . . . . . . . . Cannons 4116 | . . 842 3177 . . . . . . . . . . . . 97 . Explosions 2351 | . . . . 165 311 351 . . 465 71 . . . 988 . . . Melee 2452 | . . 53 . 53 334 615 . . 118 28 . . 231 289 731 . . Ramming 316 | . 21 119 143 . . . . . . . . . . 19 . 14 . Kinetic 3276 | . 647 1898 634 . . . . . . . . . . . . 97 . Thermal 4851 | . . 849 3679 . . . . . 165 . . . . 158 . . . Explosive 1889 | . . . . 165 311 351 . . 300 71 . . . 691 . . . Electromagnetic 139 | . . . . . . . . . . . . . . 139 . . . Impact 53 | . . 53 . . . . . . . . . . . . . . . Slashing 1678 | . . . . 53 334 615 . . 118 28 . . . 96 434 . . Piercing 721 | . . . . . . . . . . . . . 231 193 297 . . Highest Corruption 12 | . 2 2 . . . . . . . 10 10 10 . 6 12 12 12 Average Corruption 6 | . 1 2 . . . . . . . 9 10 10 . 5 9 12 12 Corruption Purged . | . . . . . . . . . . . . . . . . . . Corruption Blocked 15 | . . . . . . . . . . . . . . . 15 . . Effects 105 | . 14 18 . . . . . . . 2 2 2 . 4 45 15 3 Message Errors 23 | . 2 3 . . . . . . . . . 1 . 1 12 3 1 Matter Fused 28 | . 3 6 . . . . . . . . . 1 . . 14 3 1 Heat Flow Errors 13 | . 2 3 . . . . . . . 2 . . . . 4 2 . Energy Discharges 10 | . 2 1 . . . . . . . . 1 . . 1 5 . . Parts Rejected 3 | . 2 . . . . . . . . . . . . . . 1 . Parts Fused 1 | . . . . . . . . . . . . . . . 1 . . Data Loss (minor) 8 | . 1 1 . . . . . . . . . . . 2 1 3 . Data Loss (major) 5 | . . 2 . . . . . . . . . . . . 3 . . Misfires 6 | . 1 2 . . . . . . . . . . . . 1 2 . Alerts 4 | . 1 . . . . . . . . . . . . . 2 1 . Misdirections 4 | . . . . . . . . . . . 1 . . . 2 . 1 Overload Shots . | . . . . . . . . . . . . . . . . . . Overflow Damage 742 | . . 60 38 . 71 103 . . 158 . . . . 58 254 . . Projectiles 58 | . . 22 36 . . . . . . . . . . . . . . Explosions 183 | . . . . . 8 12 . . 158 . . . . 5 . . . Melee 501 | . . 38 2 . 63 91 . . . . . . . 53 254 . . Knockbacks 12 | . . 5 7 . . . . . . . . . . . . . . Impact . | . . . . . . . . . . . . . . . . . . Kinetic 10 | . . 5 5 . . . . . . . . . . . . . . Secondary 2 | . . . 2 . . . . . . . . . . . . . . Self-Inflicted Damage 479 | . . 18 . . . . . . 324 116 . . . 21 . . . Shots 12 | . . . . . . . . . 5 6 . . . 1 . . . Rammed 33 | . 5 13 11 . . . . . . . . . . 2 . 2 . Targets Rammed 36 | . 5 13 14 . . . . . . . . . . 2 . 2 . Kicked . | . . . . . . . . . . . . . . . . . . Crushed 3 | . . . 3 . . . . . . . . . . . . . . Highest Temperature 566 | . 267 330 566 . 17 3 . 18 68 284 8 . . 18 147 167 . Average Temperature 97 | . 116 67 137 . 9 3 . 10 12 148 8 . . 8 61 47 . Received Heat Transfer 3483 | . 36 1086 1158 15 54 12 . 36 69 72 39 . 36 252 132 450 36 Effects 23 | . . 4 19 . . . . . . . . . . . . . . Shutdowns 4 | . . . 4 . . . . . . . . . . . . . . Energy Bleed 4 | . . . 4 . . . . . . . . . . . . . . Interference 5 | . . 2 3 . . . . . . . . . . . . . . Matter Decay 2 | . . . 2 . . . . . . . . . . . . . . Short Circuit 6 | . . 1 5 . . . . . . . . . . . . . . Damage (minor) 2 | . . 1 1 . . . . . . . . . . . . . . Siege Activations . | . . . . . . . . . . . . . . . . . . Robots Corrupted . | . . . . . . . . . . . . . . . . . . Combat Hostiles . | . . . . . . . . . . . . . . . . . . Parts Fried 1 | . . . . . . . . . . . . . . . 1 . . Impact Corruptions 2 | . . 1 1 . . . . . . . . . . . . . . Robots Melted 1 | . . . 1 . . . . . . . . . . . . . . Combat Hostiles 1 | . . . 1 . . . . . . . . . . . . . . Parts Melted 18 | . . 1 17 . . . . . . . . . . . . . . Heat Transferred 9376 | . . 2109 7067 . . . . . 100 . . . . 100 . . . Parts Sabotaged . | . . . . . . . . . . . . . . . . . . Parts Stolen 2 | . . . . . . 2 . . . . . . . . . . . Parts Stripped . | . . . . . . . . . . . . . . . . . . Power Chain Reactions . | . . . . . . . . . . . . . . . . . . Alert | -11 -10 -9 -8 -7 -7 -7 -7 -6 -6 -6 -6 -6 -5 -5 -5 -5 -5 ------- Run | Yrd Mat Mat Mat Fac Low Low Dat Pro Fac Low Low Zio Pro Fac Ext Cet Arc Peak Influence 740 | . 231 235 458 368 . . . . 740 . . . . 279 290 155 71 Initial 197 | . . 37 69 197 . . . . 81 . . . . 21 30 119 . Average 157 | . 42 121 253 246 . . . . 277 . . . . 137 198 56 10 Maximum Alert Level 3 | . 1 1 2 1 . . . . 3 . . . . 1 1 . . Low Security (%) 66 | 100 96 87 31 35 . . . . 63 . . . . 55 44 100 100 Level 1 29 | . 3 12 53 64 . . . . 3 . . . . 44 55 . . Level 2 4 | . . . 14 . . . . . 27 . . . . . . . . Level 3 . | . . . . . . . . . 4 . . . . . . . . Level 4 . | . . . . . . . . . . . . . . . . . . Level 5 . | . . . . . . . . . . . . . . . . . . High Security . | . . . . . . . . . . . . . . . . . . Max Security . | . . . . . . . . . . . . . . . . . . Squads Dispatched 22 | . 1 3 6 3 . . . . 1 . . . . 5 2 1 . Investigation 10 | . . 1 3 2 . . . . 1 . . . . 1 1 1 . Extermination 1 | . . . . . . . . . . . . . . 1 . . . Reinforcement 11 | . 1 2 3 1 . . . . . . . . . 3 1 . . Assault . | . . . . . . . . . . . . . . . . . . Garrison . | . . . . . . . . . . . . . . . . . . Intercept . | . . . . . . . . . . . . . . . . . . Searches Triggered . | . . . . . . . . . . . . . . . . . . Data Miner Redirects 2 | . . . . . . . . . . . . . . 1 1 . . Construction Impeded 2 | . . 1 . . . . . . . . . . . 1 . . . Haulers Reinforced 1 | . . . . . . . . . . . . . . 1 . . . Active Scanning Responses . | . . . . . . . . . . . . . . . . . . Cargo Convoy Interrupts . | . . . . . . . . . . . . . . . . . . Stealth | -11 -10 -9 -8 -7 -7 -7 -7 -6 -6 -6 -6 -6 -5 -5 -5 -5 -5 --------- Run | Yrd Mat Mat Mat Fac Low Low Dat Pro Fac Low Low Zio Pro Fac Ext Cet Arc Distress Signals 11 | . 1 2 4 . . . . . 1 . . . 1 . 1 1 . Communications Jammed . | . . . . . . . . . . . . . . . . . . Distress Signals . | . . . . . . . . . . . . . . . . . . Times Spotted 293 | . 28 50 64 7 13 10 . 12 26 10 2 . 26 13 21 7 4 Peak Tracking Total 10 | . 4 5 5 4 7 4 . 4 10 8 2 . 10 7 5 5 4 Tactical Retreats 41 | . 2 8 10 . 3 1 . 4 4 4 2 . 2 1 . . . Traps | -11 -10 -9 -8 -7 -7 -7 -7 -6 -6 -6 -6 -6 -5 -5 -5 -5 -5 ------- Run | Yrd Mat Mat Mat Fac Low Low Dat Pro Fac Low Low Zio Pro Fac Ext Cet Arc Traps Triggered 10 | . 3 1 4 1 . . . . 1 . . . . . . . . Indirectly . | . . . . . . . . . . . . . . . . . . Trap Hack Attempts . | . . . . . . . . . . . . . . . . . . Triggered . | . . . . . . . . . . . . . . . . . . Disarmed . | . . . . . . . . . . . . . . . . . . Reprogrammed . | . . . . . . . . . . . . . . . . . . Reused . | . . . . . . . . . . . . . . . . . . Traps Extracted . | . . . . . . . . . . . . . . . . . . Installed . | . . . . . . . . . . . . . . . . . . Triggered 2 | . . . . . . . . 1 . . 1 . . . . . . Machines | -11 -10 -9 -8 -7 -7 -7 -7 -6 -6 -6 -6 -6 -5 -5 -5 -5 -5 ---------- Run | Yrd Mat Mat Mat Fac Low Low Dat Pro Fac Low Low Zio Pro Fac Ext Cet Arc Machines Disabled 26 | . . 5 2 . . 1 . . 9 1 . . . 4 2 1 1 Max in Single Turn 5 | . . 1 1 . . 1 . . 5 1 . . . 2 . 1 1 Garrison Access 1 | . . . . . . . . . 1 . . . . . . . . Machines Repaired . | . . . . . . . . . . . . . . . . . . Machines Dismantled . | . . . . . . . . . . . . . . . . . . Machines Sabotaged . | . . . . . . . . . . . . . . . . . . Overloaded Fab Kills . | . . . . . . . . . . . . . . . . . . Hacking | -11 -10 -9 -8 -7 -7 -7 -7 -6 -6 -6 -6 -6 -5 -5 -5 -5 -5 --------- Run | Yrd Mat Mat Mat Fac Low Low Dat Pro Fac Low Low Zio Pro Fac Ext Cet Arc Machines Accessed 50 | . 7 14 9 5 1 . 4 . 5 . . 1 . 1 1 2 . Terminals 28 | . 6 10 6 2 . . . . 2 . . . . . . 2 . Fabricators 2 | . . . . . . . . . 1 . . . . 1 . . . Repair Stations 4 | . 1 2 . . . . . . 1 . . . . . . . . Recycling Units 4 | . . . 1 2 . . . . . . . . . . 1 . . Scanalyzers 3 | . . 2 1 . . . . . . . . . . . . . . Garrison Access 3 | . . . 1 1 . . . . 1 . . . . . . . . Total Hacks 159 | . 18 43 29 10 2 . 28 . 11 . . 3 . 2 4 9 . Successful 93 | . 8 25 13 3 2 . 28 . 6 . . 3 . . 1 4 . Failed 65 | . 9 18 16 7 . . . . 5 . . . . 2 3 5 . Catastrophic 12 | . 3 3 1 2 . . . . 1 . . . . . . 2 . Database Lockouts 1 | . 1 . . . . . . . . . . . . . . . . Manual 66 | . 13 19 13 5 . . . . 2 1 . . . 6 7 . . Terminals 80 | . 17 28 16 4 . . . . 6 . . . . . . 9 . Fabricators 4 | . . . . . . . . . 2 . . . . 2 . . . Repair Stations 7 | . 1 4 . . . . . . 2 . . . . . . . . Recycling Units 9 | . . . 1 4 . . . . . . . . . . 4 . . Scanalyzers 19 | . . 11 8 . . . . . . . . . . . . . . Garrison Access 7 | . . . 4 2 . . . . 1 . . . . . . . . Terminal Hacks 61 | . 6 12 4 . 2 . 28 . 2 . . 3 . . . 4 . Record 14 | . . . . . 2 . 8 . . . . . . . . 4 . Part Schematic 19 | . 1 2 . . . . 13 . . . . 3 . . . . . Robot Schematic 4 | . . . . . . . 4 . . . . . . . . . . Robot Analysis 2 | . . 2 . . . . . . . . . . . . . . . Prototype ID Bank 6 | . 1 1 . . . . 3 . 1 . . . . . . . . Branch Access Points 1 | . . . 1 . . . . . . . . . . . . . . Alert Level 1 | . . 1 . . . . . . . . . . . . . . . Unreport Threat 8 | . 2 4 2 . . . . . . . . . . . . . . Locate Traps 1 | . 1 . . . . . . . . . . . . . . . . Patrol Status 1 | . . 1 . . . . . . . . . . . . . . . Recall Investigation 1 | . . . . . . . . . 1 . . . . . . . . Hauler Manifests 3 | . 1 1 1 . . . . . . . . . . . . . . Fabricator Hacks 2 | . . . . . . . . . 2 . . . . . . . . Load Schematic 1 | . . . . . . . . . 1 . . . . . . . . Build 1 | . . . . . . . . . 1 . . . . . . . . Repair Station Hacks 5 | . 1 4 . . . . . . . . . . . . . . . Scan Component 2 | . . 2 . . . . . . . . . . . . . . . Repair 2 | . . 2 . . . . . . . . . . . . . . . Refit 1 | . 1 . . . . . . . . . . . . . . . . Recycling Unit Hacks 4 | . . . 1 2 . . . . . . . . . . 1 . . Retrieve Components 4 | . . . 1 2 . . . . . . . . . . 1 . . Scanalyzer 16 | . . 9 7 . . . . . . . . . . . . . . Insert Component 6 | . . 2 4 . . . . . . . . . . . . . . Analyze 10 | . . 7 3 . . . . . . . . . . . . . . Garrison Access Hacks 1 | . . . . . . . . . 1 . . . . . . . . Seal Access 1 | . . . . . . . . . 1 . . . . . . . . Unauthorized Hacks 4 | . 1 . 1 1 . . . . 1 . . . . . . . . Terminals 4 | . 1 . 1 1 . . . . 1 . . . . . . . . Botnet 4 | . 1 . 1 1 . . . . 1 . . . . . . . . Fabricators . | . . . . . . . . . . . . . . . . . . Repair Stations . | . . . . . . . . . . . . . . . . . . Recycling Units . | . . . . . . . . . . . . . . . . . . Scanalyzers . | . . . . . . . . . . . . . . . . . . Garrison Access . | . . . . . . . . . . . . . . . . . . Data Cores Recovered 1 | . . 1 . . . . . . . . . . . . . . . Used . | . . . . . . . . . . . . . . . . . . Hacking Detections 39 | . 6 12 8 5 . . . . 4 . . . . 1 1 2 . Full Trace Events 9 | . 2 2 1 1 . . . . 1 . . . . . 1 1 . Feedback Events . | . . . . . . . . . . . . . . . . . . Feedback Blocked . | . . . . . . . . . . . . . . . . . . Robot Schematics Acquired 8 | . . . . . . . 4 . . . . 4 . . . . . Robots Built . | . . . . . . . . . . . . . . . . . . Authchips . | . . . . . . . . . . . . . . . . . . Time . | . . . . . . . . . . . . . . . . . . Total Robot Build Rating . | . . . . . . . . . . . . . . . . . . Part Schematics Acquired 36 | . 1 3 3 . . . 13 . . . . 16 . . . . . Parts Built 1 | . . . . . . . . . 1 . . . . . . . . Authchips . | . . . . . . . . . . . . . . . . . . Time 152 | . . . . . . . . . 152 . . . . . . . . Total Part Build Rating 5 | . . . . . . . . . 5 . . . . . . . . Parts Repaired 2 | . . 2 . . . . . . . . . . . . . . . Time 48 | . . 48 . . . . . . . . . . . . . . . Parts Recycled . | . . . . . . . . . . . . . . . . . . Recycled Matter . | . . . . . . . . . . . . . . . . . . Retrieved Matter . | . . . . . . . . . . . . . . . . . . Retrieved Components 22 | . . . 9 3 . . . . . . . . . . 10 . . Parts Scanalyzed 5 | . . 2 3 . . . . . . . . . . . . . . Part Schematics Acquired 5 | . . 2 3 . . . . . . . . . . . . . . Parts Damaged . | . . . . . . . . . . . . . . . . . . Bothacking | -11 -10 -9 -8 -7 -7 -7 -7 -6 -6 -6 -6 -6 -5 -5 -5 -5 -5 ------------ Run | Yrd Mat Mat Mat Fac Low Low Dat Pro Fac Low Low Zio Pro Fac Ext Cet Arc Used RIF Installer . | . . . . . . . . . . . . . . . . . . Robots Hacked . | . . . . . . . . . . . . . . . . . . Non-combat . | . . . . . . . . . . . . . . . . . . Combat . | . . . . . . . . . . . . . . . . . . Robot Hacks Applied . | . . . . . . . . . . . . . . . . . . Relay Couplers Released . | . . . . . . . . . . . . . . . . . . Fabnet Peak Effective % . | . . . . . . . . . . . . . . . . . . Robots Rewired 6 | . . . . . . . . . . . . . . . 6 . . Allies Hacked 2 | . . . . . . . . . . . . . . . 2 . . Hacks Repelled . | . . . . . . . . . . . . . . . . . . Allies | -11 -10 -9 -8 -7 -7 -7 -7 -6 -6 -6 -6 -6 -5 -5 -5 -5 -5 -------- Run | Yrd Mat Mat Mat Fac Low Low Dat Pro Fac Low Low Zio Pro Fac Ext Cet Arc Total Allies 29 | . . . . . . . . . . . . 4 . 2 23 . . Largest Group 12 | . . . . . . . . . . . . 4 4 2 12 11 . Highest-Rated Group 443 | . . . . . . . . . . . . 152 148 170 443 394 . Highest-Rated Ally 159 | . . . . . . . . . . . . 39 39 85 159 96 . Zionite Dispatches 3 | . . . . . . . . . . . . . . 1 2 . . Heavy 1 | . . . . . . . . . . . . . . 1 . . . Hacker 1 | . . . . . . . . . . . . . . . 1 . . Demo 1 | . . . . . . . . . . . . . . . 1 . . Total Orders . | . . . . . . . . . . . . . . . . . . Ally Attacks 215 | . . . . . . . . . . . . . 24 8 149 34 . Total Damage 7523 | . . . . . . . . . . . . . 1087 436 4999 1001 . Kills 45 | . . . . . . . . . . . . . 9 3 28 5 . Allies Corrupted 2 | . . . . . . . . . . . . . . 1 1 . . Allies Melted . | . . . . . . . . . . . . . . . . . . Intel | -11 -10 -9 -8 -7 -7 -7 -7 -6 -6 -6 -6 -6 -5 -5 -5 -5 -5 ------- Run | Yrd Mat Mat Mat Fac Low Low Dat Pro Fac Low Low Zio Pro Fac Ext Cet Arc Robot Analysis Total 2 | . . 2 . . . . . . . . . . . . . . . Derelict Logs Recovered 11 | . . . . . 1 2 . 2 . 1 2 1 2 . . . . Drone Launches . | . . . . . . . . . . . . . . . . . . Drone Recoveries . | . . . . . . . . . . . . . . . . . . Zionite Intel Received 1 | . . . . . . . . . . . . . . 1 . . . Branch Access 1 | . . . . . . . . . . . . . . 1 . . . Exploration | -11 -10 -9 -8 -7 -7 -7 -7 -6 -6 -6 -6 -6 -5 -5 -5 -5 -5 ------------- Run | Yrd Mat Mat Mat Fac Low Low Dat Pro Fac Low Low Zio Pro Fac Ext Cet Arc Turns Passed 15044 | 7 2219 3795 3304 495 125 297 34 156 347 252 147 773 566 453 1503 503 68 Spaces Moved 12015 | 3 664 1300 1046 1408 339 775 108 476 828 426 382 1456 764 492 1204 296 48 Core 147 | . . . . . . . . . . . . . . 128 . . 19 Treads 3799 | 3 664 1300 1041 . . . . . . . . . 2 78 386 296 29 Legs . | . . . . . . . . . . . . . . . . . . Wheels 217 | . . . . . . . . . . . . . . . 217 . . Hover 387 | . . . . . . . . . . . . . . 88 299 . . Flight 7465 | . . . 5 1408 339 775 108 476 828 426 382 1456 762 198 302 . . Fastest Speed 27 | 160 160 240 31 31 31 31 31 31 27 32 32 34 30 45 45 160 50 Average Speed 103 | 160 300 240 237 31 31 31 31 31 29 35 33 34 68 81 111 160 116 Slowest Speed 480 | 160 480 320 465 31 31 31 31 34 37 114 34 34 160 170 320 160 160 Overloaded Moves . | . . . . . . . . . . . . . . . . . . Propulsion Burnouts . | . . . . . . . . . . . . . . . . . . Robots Hopped 9 | . . . . 5 . . . . . 2 1 . . . 1 . . Cave-ins Triggered 1 | . . . . . . . . . . 1 . . . . . . . Exploration Rate (%) 62 | 2 95 98 83 29 50 84 75 84 17 64 58 90 72 14 85 68 61 Regions Visited 17 Branch Regions 11 Pre-discovered Areas 2 | . . . . . . . 1 . . . . . 1 . . . . Known Exits Taken 11 | . . . 1 1 1 1 1 1 1 1 . . . 1 1 1 . Unknown Exits Taken 6 | 1 1 1 . . . . . . . . 1 1 1 . . . . Scrap Searched 15 | . . . . . 1 4 . 4 . 1 2 3 . . . . . Spaces Dug 19 | . . . . 6 . . . . 4 4 . . . . 3 . 2 Terrain Destroyed 292 | . . . 7 31 51 16 . . 82 59 . . . 39 3 2 2 Melee 19 | . . . . 6 . . . . 4 4 . . . . 3 . 2 Projectile 9 | . . . 7 . . . . . . . . . . . . 2 . AOE 264 | . . . . 25 51 16 . . 78 55 . . . 39 . . . Terrain Rammed 1 | . . 1 . . . . . . . . . . . . . . . Walls Destroyed 1 | . . 1 . . . . . . . . . . . . . . . Machines Disabled . | . . . . . . . . . . . . . . . . . . Actions | -11 -10 -9 -8 -7 -7 -7 -7 -6 -6 -6 -6 -6 -5 -5 -5 -5 -5 --------- Run | Yrd Mat Mat Mat Fac Low Low Dat Pro Fac Low Low Zio Pro Fac Ext Cet Arc Total 13835 | 4 781 1735 1583 1441 347 810 107 480 911 509 399 1729 787 519 1321 319 53 Wait 919 | . 30 164 223 12 . 15 . 2 54 72 18 263 14 2 38 12 . Move 11981 | 2 663 1299 1045 1397 338 774 107 475 827 422 379 1455 763 491 1201 295 48 Hop 8 | . . . . 5 . . . . . 1 1 . . . 1 . . Pick Up 86 | . 21 35 23 2 . 3 . 1 1 . . . . . . . . Fast Attach 98 | . 3 13 20 4 . . . 1 6 3 1 7 3 9 27 1 . Attach 40 | . 3 8 16 1 . 2 . 1 4 2 . . . 1 2 . . Detach 25 | . 1 2 10 3 . . . . 3 . . 3 . 1 2 . . Swap 37 | 2 . 18 12 1 . . . . 3 . . . . 1 . . . Drop 128 | . . 53 61 3 . 1 . . 3 . . . . . 3 3 1 Fire 366 | . 55 126 159 1 5 2 . . 1 3 . . . 8 . 6 . Melee 78 | . . 3 . 12 4 13 . . 9 6 . 1 7 4 15 . 4 Ram 3 | . . 1 . . . . . . . . . . . 2 . . . Kick . | . . . . . . . . . . . . . . . . . . Crush 34 | . 5 13 14 . . . . . . . . . . . . 2 . Escape Stasis . | . . . . . . . . . . . . . . . . . . Rewire 32 | . . . . . . . . . . . . . . . 32 . . Trap . | . . . . . . . . . . . . . . . . . . Miscellaneous . | . . . . . . . . . . . . . . . . . . Route ------- -11/Scrapyard -10/Materials (discovered 5 exits: *Mat x3 / [*Min x2]) -9/Materials (discovered 5 exits: *Mat x3 / [*Min x2]) -8/Materials (discovered 3 exits: *Fac x2 / Sto) -7/Factory (discovered 3 exits: *Fac / *Low x2) -7/Lower Caves -7/Lower Caves (discovered 2 exits: *Fac / *Dat) -7/Data Miner -6/Proximity Caves -6/Factory -6/Lower Caves -6/Lower Caves -6/Zion -5/Proximity Caves -5/Factory (discovered 4 exits: Upp x2 / *Ext x2) -5/Extension (discovered 3 exits: *Fac x2 / *Cet) -5/Cetus (discovered 2 exits: *Fac / *Arc) -5/Archives (discovered 1 exit: [*Hub]) History --------- Turn | Location | Event 4 | -11/Scrapyard | Discovered new exit (range 3) 8 | -11/Scrapyard | Entered Materials 192 | -10/Materials | Discovered new exit (range 15) 192 | -10/Materials | Discovered new exit (range 7) 314 | -10/Materials | Build established: Mutant 836 | -10/Materials | Discovered new exit (range 7) 907 | -10/Materials | Discovered new exit (range 15) 983 | -10/Materials | Central database locked down 1484 | -10/Materials | Discovered new exit (range 16) 2064 | -10/Materials | Core integrity fell below 50% 2227 | -10/Materials | Entered another Materials area 2227 | -9/Materials | Evolved 2 slots: Propulsion x1, Utility x1 2231 | -9/Materials | Discovered new exit (range 8) 2879 | -9/Materials | Discovered new exit (range 15) 3034 | -9/Materials | Repaired Hrd. Light Armor Plating 3770 | -9/Materials | Discovered new exit (range 16) 3845 | -9/Materials | Build established: Scavenger-Mutant 4418 | -9/Materials | Discovered new exit (range 16) 5311 | -9/Materials | Build established: Mutant 5722 | -9/Materials | Discovered new exit (range 16) 5799 | -9/Materials | Repaired Imp. Treads 6022 | -9/Materials | Entered another Materials area 6022 | -8/Materials | Evolved 2 slots: Propulsion x1, Utility x1 7116 | -8/Materials | Discovered new exit (range 10) 7942 | -8/Materials | Lost 3 parts (3u) 8425 | -8/Materials | Build established: Scavenger-Mutant 8747 | -8/Materials | Identified exit to Storage 8822 | -8/Materials | Core integrity fell below 50% 9084 | -8/Materials | Discovered new exit (range 16) 9315 | -8/Materials | Identified exit to Factory 9326 | -8/Materials | Entered Factory 9326 | -7/Factory | Evolved 2 slots: Utility x2 9508 | -7/Factory | Discovered new exit (range 7) 9509 | -7/Factory | Identified exit to Lower Caves 9616 | -7/Factory | Found Prototype Launcher 9616 | -7/Factory | Identified Rocket Array 9632 | -7/Factory | Discovered exit to Lower Caves (range 6) 9729 | -7/Factory | Discovered new exit (range 15) 9734 | -7/Factory | Identified exit to Factory 9821 | -7/Factory | Entered Lower Caves 9834 | -7/Lower Caves | Build established: Infiltrator-Ninja 9863 | -7/Lower Caves | Identified exit to Lower Caves 9913 | -7/Lower Caves | Encountered a Warlord checkpoint 9946 | -7/Lower Caves | Entered another Lower Caves area 9964 | -7/Lower Caves | Discovered exit to Factory (range 10) 10063 | -7/Lower Caves | Learned Factory stockpile data 10189 | -7/Lower Caves | Attracted the attention of an 0b10 checkpoint 10208 | -7/Lower Caves | Encountered a Warlord checkpoint 10208 | -7/Lower Caves | Discovered new exit (range 6) 10210 | -7/Lower Caves | Identified exit to Data Miner 10243 | -7/Lower Caves | Entered Data Miner 10243 | -7/Data Miner | Discovered new exit (range 6) 10246 | -7/Data Miner | Identified exit to Proximity Caves 10251 | -7/Data Miner | Met Data Miner 10260 | -7/Data Miner | Learned location of Section 7 (-2) 10260 | -7/Data Miner | Acquired the access code to Warlord's prototype stash 10266 | -7/Data Miner | Received God Mode back door access code from Data Miner 10277 | -7/Data Miner | Entered Proximity Caves 10394 | -6/Proximity Caves | Attracted the attention of an 0b10 checkpoint 10401 | -6/Proximity Caves | Spotted B-75 Beast 10420 | -6/Proximity Caves | Discovered exit to Factory (range 10) 10427 | -6/Proximity Caves | Learned Factory terminal intel 10433 | -6/Proximity Caves | Entered Factory 10433 | -6/Factory | Evolved 2 slots: Propulsion x1, Utility x1 10434 | -6/Factory | Identified exit to Lower Caves 10436 | -6/Factory | Loaded intel: 25 terminal locations 10647 | -6/Factory | Fabricated Lgt. Regenerative Plating? 10682 | -6/Factory | Destroyed 7 combat bots 10714 | -6/Factory | Lost 4 parts (2n2u) 10780 | -6/Factory | Entered Lower Caves 10795 | -6/Lower Caves | Lost 3 parts (1p1n1u) 10851 | -6/Lower Caves | Identified exit to Lower Caves 10859 | -6/Lower Caves | Acquired the password to a Derelict Tinkerer's latest research 10955 | -6/Lower Caves | Crushed by falling debris 10969 | -6/Lower Caves | Caught by Unaware searching for contraband prototypes 10973 | -6/Lower Caves | System corruption reached 10% 11005 | -6/Lower Caves | Ambushed by wild Derelicts 11006 | -6/Lower Caves | Lost 6 parts (2n4u) 11032 | -6/Lower Caves | Entered another Lower Caves area 11036 | -6/Lower Caves | Encountered a Warlord checkpoint 11038 | -6/Lower Caves | Learned Factory stockpile data 11076 | -6/Lower Caves | Spotted B-75 Beast 11127 | -6/Lower Caves | Discovered new exit (range 16) 11146 | -6/Lower Caves | Learned Factory security intel 11179 | -6/Lower Caves | Entered Zion 11226 | -6/Zion | System corruption cleaned by Quarantine Array 11265 | -6/Zion | Discovered new exit (range 16) 11279 | -6/Zion | Acquired unknown access codes intercepted by a Zionite 11295 | -6/Zion | Learned Factory security intel 11395 | -6/Zion | Given the Hacking Drone Bay 11422 | -6/Zion | Found Prototype Hackware 11422 | -6/Zion | Identified Exp. Hacking Suite 11481 | -6/Zion | Build established: Derelict-Mutant 11481 | -6/Zion | Given A8's code to call for help 11516 | -6/Zion | Found CR-A16's Pointy Stick 11668 | -6/Zion | Met Imprinter 11676 | -6/Zion | Imprinted 11678 | -6/Zion | Declared Zion's savior 11952 | -6/Zion | Entered Proximity Caves 11952 | -5/Proximity Caves | Accompanied by 4 allies 12155 | -5/Proximity Caves | Attracted the attention of an 0b10 checkpoint 12214 | -5/Proximity Caves | Learned location of Armory (-4) 12346 | -5/Proximity Caves | Entered a huge 0b10 base via the front door 12440 | -5/Proximity Caves | Learned Factory stockpile data 12444 | -5/Proximity Caves | Build established: Hacker-Mutant 12506 | -5/Proximity Caves | Discovered new exit (range 16) 12518 | -5/Proximity Caves | Entered Factory 12518 | -5/Factory | Evolved 2 slots: Power x1, Propulsion x1 12519 | -5/Factory | Identified exit to Upper Caves 12521 | -5/Factory | Lost 3 parts (1n2u) 12651 | -5/Factory | Incoming investigation squad redirected 12715 | -5/Factory | Lost 3 parts (2n1w) 12843 | -5/Factory | Core integrity fell below 50% 12858 | -5/Factory | Retrieved Zion intel report: Branch Access 12858 | -5/Factory | Identified exit to Extension 12865 | -5/Factory | Lost 8 parts (2p2n2u2w) 12879 | -5/Factory | Zion Heavy squad teleported in 12894 | -5/Factory | Found Prototype Protection 12894 | -5/Factory | Identified Zio. Weapon Casing 12971 | -5/Factory | Entered Extension 12997 | -5/Extension | Zion Hacker squad teleported in 13015 | -5/Extension | Rescued A7 13040 | -5/Extension | Rescued a captive Derelict 13041 | -5/Extension | Rescued a captive Derelict 13147 | -5/Extension | Rescued a captive Derelict 13148 | -5/Extension | Rescued a captive Derelict 13315 | -5/Extension | Build established: Scavenger-Mutant 13367 | -5/Extension | Spotted B-75 Beast 13391 | -5/Extension | Spotted B-75 Beast 13409 | -5/Extension | Discovered new exit (range 3) 13410 | -5/Extension | Identified exit to Factory 13412 | -5/Extension | Enhanced Grunt warped into view, answering call for help 13414 | -5/Extension | Enhanced Grunt warped into view, answering call for help 13417 | -5/Extension | P-70 Sage assimilated allied 0I-JQT(g) 13418 | -5/Extension | Extracted ID and sensor layout for unrecognized location from A7's data core 13429 | -5/Extension | Allies destroyed B-75 Beast 13439 | -5/Extension | Allies destroyed B-75 Beast 13469 | -5/Extension | Lost 10 parts (1p5n2u2w) 13476 | -5/Extension | Lost 5 allies 13578 | -5/Extension | System corruption reached 10% 13588 | -5/Extension | Incoming investigation squad redirected 13732 | -5/Extension | Rescued a captive Derelict 13732 | -5/Extension | Rescued a captive Derelict 13938 | -5/Extension | Zion Demo squad teleported in 14149 | -5/Extension | Rescued a captive Derelict 14149 | -5/Extension | Rescued a captive Derelict 14177 | -5/Extension | Rescued a captive Derelict 14273 | -5/Extension | Discovered exit to Factory (range 10) 14274 | -5/Extension | Discovered new exit (range 6) 14295 | -5/Extension | Terminal network hard line cut 14466 | -5/Extension | Identified exit to Cetus 14474 | -5/Extension | Entered Cetus 14474 | -5/Cetus | Accompanied by 11 allies 14495 | -5/Cetus | Spotted Cetus Guard 14495 | -5/Cetus | Spotted Cetus Guard 14499 | -5/Cetus | Spotted Cetus Guard 14503 | -5/Cetus | Allies destroyed Cetus Guard 14504 | -5/Cetus | Spotted Cetus Guard 14516 | -5/Cetus | Allies destroyed Cetus Guard 14522 | -5/Cetus | Allies destroyed Cetus Guard 14533 | -5/Cetus | Destroyed Cetus Guard 14557 | -5/Cetus | Lost 11 allies 14725 | -5/Cetus | Discovered exit to Factory (range 15) 14930 | -5/Cetus | Core integrity fell below 20% 14953 | -5/Cetus | Discovered new exit (range 16) 14975 | -5/Cetus | Identified exit to Archives 14977 | -5/Cetus | Entered Archives 14996 | -5/Archives | Lost 6 parts (1p1n4u) 15043 | -5/Archives | Discovered new exit (range 15) 15045 | -5/Archives | Destroyed by Y-72 Warden with Quantum Rifle Last Messages --------------- 14975_ EXIT=IDENTIFIED: ARCHIVES LOCATION=ARCHIVES GOAL=ESCAPE 14994_ MYVHH=, >L1ZB 15038_ Slug penetrates Archive Hub. 15039_ Archive Terminal disabled. 15040_ Penetrated by Slug. 15040_ Imp. Treads destroyed. 15040_ Slug penetrates Archive Hub. 15040_ Lgt. Treads destroyed. 15042_ Slug penetrates Archive Hub. 15042_ Slug penetrates Wall. 15042_ Penetrated by Slug. 15043_ System corrupted: Matter fused (-5). 15043_ Penetrated by Slug. 15043_ EXIT=FOUND Map ----- +----------------------------------------------------+ | ??????????????????????????????????????????????? | | ??????????????????????????????????????????????? | | ??????????????????????????????????????????????? | | ??????????????????????????????????????????????? | | ??????????????????????????????????????????????? | | ??????????????????????????????????????????????? | | ??????????????????????????????????????????????? | | ??????????????????????????????????????????????? | | ??????????????????????????????????????????????? | | ??????????????????#?"#"##?????????????????????? | | ??????????????????"""""""#????????????????????? | | ??????????????????"""V"""# #????????????????? | | ?????????????????#""" """#o #????????????????? | | ??????###???????##" ""# ##???????????????? | | ??#####"######### ##??????????????? | | ??# Y """?????????????? | | ??# """"????????????? | | ??# * o """????????????? | | ??#####"####"####Y V?????????????? | | ??# #"" " ""?????????????? | | ??# """ """?????????????? | | ??# """""" o ""??????????????? | | ??#"""""""" # ########????????? | | ??#"""""""""" o ???????? | | ??#"""""""""#"" "Y o ???????? | | ??#"""""""""#"""" @ ???????? | | ????############; Y###?????????????? | | ???????????????### #"" ""##???????????????? | | ?????????????????# #""" """#????????????????? | | ?????????????????# #"""V"""#????????????????? | | ?????????????????# #"""""""#????????????????? | | ?????????????????# ###"#"###????????????????? | | ?????????????????# #?????"??????????????????? | | ?????????????????# #????????????????????????? | | ?????????????????# #????????????????????????? | | ?????????????????# #????????????????????????? | | ?????????????????# +????????????????????????? | | ?????????????????# #????????????????????????? | | ?????????????????# ?????????????????????????? | | ?????????????????# < ?????????????????????????? | | ?????????????????? ?????????????????????????? | | ??????????????????????????????????????????????? | | ??????????????????????????????????????????????? | | ??????????????????????????????????????????????? | | | | | | | | | | | | | +----------------------------------------------------+ Best States ------------- Heat Dissipation 59 Energy Generation 35 Energy Capacity 540 Matter Stores 300 Matter Capacity 300 Sight Range 16 Robot Scan Range 16 Terrain Scan Density 10 ECM Strength 1 Jamming Range 14 Power Amplification 20 Additional Mass Support 6 Corruption Block 15 Armor Coverage 600 Resistance: TH 15 Core Shielding 20 Propulsion Shielding 66 Weapon Shielding 100 Evasion (%) 64 Recoil Reduction 6 Offensive Hacking 16 Defensive Hacking 22 Item Schematics ----------------- Lrg. Storage Unit | -10/Materials | Hacked Structural Scanner | -9/Materials | Scanalyzed Med. Storage Unit | -9/Materials | Hacked Imp. Flight Unit | -9/Materials | Scanalyzed Hacking Suite | -8/Materials | Scanalyzed Imp. Sensor Array | -8/Materials | Scanalyzed Plasma Cutter | -8/Materials | Scanalyzed Combat Drone Bay | -7/Data Miner | Free Lgt. Regenerative Plating | -7/Data Miner | Free Cld. Cesium-ion Thruster | -7/Data Miner | Free Exp. Weapon Shielding | -7/Data Miner | Free Gui. EMP Blaster | -7/Data Miner | Free Gyrokinetic Inverter | -7/Data Miner | Free Imp. Corruption Screen | -7/Data Miner | Free KE Penetrator | -7/Data Miner | Free Power Amplifier | -7/Data Miner | Free Imp. Weapon Cycler | -7/Data Miner | Free Mni. Drone Bay | -7/Data Miner | Free Adv. Target Analyzer | -7/Data Miner | Free Lrn. Terrain Scanner | -7/Data Miner | Free Battle Cannon | -6/Zion | Free Ripper | -6/Zion | Free Tactical Coordination Suite | -6/Zion | Free Imp. Focal Shield | -6/Zion | Archive Imp. Hardlight Generator | -6/Zion | Archive Hpw. Shock Rifle | -6/Zion | Archive Tesla Rifle | -6/Zion | Archive Adv. Focal Shield | -6/Zion | Archive Phase Cannon | -6/Zion | Archive EM Disruption Field | -6/Zion | Archive Adv. Drone Bay | -6/Zion | Archive Proton Cannon | -6/Zion | Archive Hvy. Treads | -6/Zion | Archive Imp. Particle Charger | -6/Zion | Archive Variable Charge Gun | -6/Zion | Archive Phase Gun | -6/Zion | Archive Robot Schematics ------------------ B-48 Gladiator | -7/Data Miner | Free S-27 Virus | -7/Data Miner | Free P-60 Hacker | -7/Data Miner | Free H-66 Slayer | -7/Data Miner | Free G-50 Soldier | -6/Zion | Archive H-55 Commando | -6/Zion | Archive A-02 Transporter | -6/Zion | Archive H-77 Assassin | -6/Zion | Archive Fabricated ------------ Lgt. Regenerative Plating | x1 | -6/Factory Alien Tech Used ----------------- None Achievements -------------- A New Friend Prison Break Challenges ------------ None Game ------ Seed GlidesysCentriumClaw Manual? 0 Play Time 04:05:07 Cumulative 73.4 hours Start 2025.01.09 @ 23:22:40 End 2025.01.12 @ 02:50:47 Sessions 6 Manual Loads 0 Difficulty Rogue Special Mode None Game No. 48 Rogue 48 Adventurer 0 Explorer 0 Win Type - Total 1 Types 1/0/0/0/0/0/0/0/0 Lore% 27 Gallery% 36 Achievement% 33 Wizard Run 0 Options --------- Layout 0 ASCII 0 Keyboard 1 Movement Arrows Keybinds 0 Fullscreen 2 Font 18/Terminus Map View 76x50 Zoom Use 0% Tactical HUD 1 Map Filters NONE Filters NONE Steam 1 RUN: e0cbfe58-e639-4a52-b4e1-c0238c308cfb